[ AOE2 MATCH · #495702312 ]
UnrankedCelts vs Sicilians
Player's team · LOSS
Rival team · WIN
[ REPLAY ANALYSIS · EXTRACTED FROM THE RECORDED GAME ]
Feudal
13:27
Castle
17:23
Imperial
—
| APM avg | 66.3 |
| APM peak | 108 |
| eAPM avg | 17.8 |
| Villagers / military | 50 / 20 |
Focus
⚔️ 11.7% · 🌾 88.3%
Militia ×12 · Battering Ram ×8
Feudal
10:06
Castle
15:25
Imperial
—
| APM avg | 21.3 |
| APM peak | 43 |
| eAPM avg | 13.9 |
| Villagers / military | 29 / 6 |
Focus
⚔️ 25.9% · 🌾 74.1%
Serjeant ×6 · Unknown (1105) ×1
Match map
Initial resources + every placement click. Lines = walls · curves = elevation contours. ◆ gold · ⬟ stone · ● berries · ✦ relic · ◌ wall gap
Your base· ✓ Closed at 17:23 · 0t walls · 3 gate(s)
^^JOPE^^'s base· ✓ Closed at 15:25 · 0t walls · 3 gate(s)
Smoothed initial terrain · ◌ = detected wall gap · hover for details
Inputs per minute
— Lord6 - - ^^JOPE^^
Build order — Lord6
114 actions detected in the replay
| 0:00 | Queue | Villager (Male) |
| 0:03 | Build | House |
| 0:05 | Build | House |
| 0:16 | Queue | Villager (Male) |
| 0:17 | Queue | Villager (Male) |
| 0:17 | Queue | Villager (Male) |
| 1:31 | Queue | Villager (Male) |
| 1:31 | Queue | Villager (Male) |
| 1:53 | Queue | Villager (Male) |
| 2:13 | Build | Lumber Camp |
| 2:23 | Queue | Villager (Male) |
| 2:23 | Queue | Villager (Male) |
| 2:34 | Queue | Villager (Male) |
| 2:34 | Queue | Villager (Male) |
| 2:56 | Queue | Villager (Male) |
| 3:31 | Queue | Villager (Male) |
| 3:31 | Queue | Villager (Male) |
| 3:50 | Build | House |
| 3:59 | Queue | Villager (Male) |
| 3:59 | Queue | Villager (Male) |
| 4:06 | Queue | Villager (Male) |
| 4:06 | Queue | Villager (Male) |
| 4:17 | Build | Mill |
| 4:40 | Queue | Villager (Male) |
| 4:41 | Queue | Villager (Male) |
| 5:10 | Queue | Villager (Male) |
| 5:19 | Queue | Villager (Male) |
| 5:20 | Queue | Villager (Male) |
| 5:51 | Queue | Villager (Male) |
| 5:55 | Build | House |
| 5:56 | Build | House |
| 6:17 | Queue | Villager (Male) |
| 6:29 | Queue | Villager (Male) |
| 6:45 | Build | Farm |
| 6:52 | Build | Farm |
| 6:53 | Build | Farm |
| 6:54 | Build | Farm |
| 6:57 | Build | Farm |
| 7:08 | Queue | Villager (Male) |
| 7:08 | Queue | Villager (Male) |
| 7:08 | Queue | Villager (Male) |
| 7:37 | Build | Farm |
| 7:41 | Queue | Villager (Male) |
| 7:54 | Queue | Villager (Male) |
| 7:55 | Queue | Villager (Male) |
| 8:02 | Build | Farm |
| 8:12 | Queue | Villager (Male) |
| 8:12 | Queue | Villager (Male) |
| 8:29 | Build | Farm |
| 8:37 | Queue | Villager (Male) |
| 8:37 | Queue | Villager (Male) |
| 8:46 | Queue | Villager (Male) |
| 8:46 | Queue | Villager (Male) |
| 8:50 | Build | Farm |
| 9:02 | Queue | Villager (Male) |
| 9:03 | Queue | Villager (Male) |
| 9:20 | Build | Farm |
| 9:28 | Research | Loom |
| 9:28 | Research | Loom |
| 9:42 | Build | Farm |
| 10:07 | Build | Mining Camp |
| 10:54 | Research | Feudal Age |
| 10:55 | Research | Feudal Age |
| 11:57 | Build | House |
| 11:58 | Build | House |
| 11:59 | Build | House |
| 13:09 | Build | Barracks |
| 13:27 | Age | Feudal Age |
| 13:28 | Research | Wheelbarrow |
| 13:28 | Research | Wheelbarrow |
| 13:36 | Build | Market |
| 13:40 | Build | Blacksmith |
| 14:37 | Research | Castle Age |
| 14:37 | Research | Castle Age |
| 14:46 | Research | Double-Bit Axe |
| 15:05 | Research | Horse Collar |
| 15:05 | Research | Horse Collar |
| 15:21 | Queue | Militia |
| 15:21 | Queue | Militia |
| 15:53 | Research | Man-at-Arms (upgrade) |
| 16:15 | Build | Barracks |
| 16:27 | Queue | Militia |
| 16:38 | Research | Forging |
| 16:44 | Queue | Militia |
| 16:55 | Queue | Militia |
| 17:23 | Age | Castle Age |
| 17:35 | Build | Siege Workshop |
| 17:35 | Build | Siege Workshop |
| 17:39 | Queue | Militia ×5 |
| 17:52 | Build | Mining Camp |
| 18:13 | Build | Mill |
| 18:14 | Queue | Villager (Male) |
| 18:15 | Queue | Villager (Male) |
| 19:01 | Queue | Villager (Male) |
| 19:01 | Queue | Villager (Male) |
| 19:05 | Build | Farm |
| 19:07 | Build | Farm |
| 19:29 | Build | Farm |
| 19:32 | Build | Farm |
| 19:48 | Queue | Villager (Male) |
| 20:04 | Queue | Battering Ram |
| 20:27 | Queue | Battering Ram |
| 20:31 | Queue | Villager (Male) |
| 20:31 | Queue | Villager (Male) |
| 21:24 | Queue | Villager (Male) |
| 21:49 | Queue | Battering Ram |
| 22:06 | Queue | Battering Ram |
| 22:08 | Queue | Militia ×2 |
| 22:41 | Queue | Battering Ram |
| 23:05 | Queue | Battering Ram |
| 23:31 | Queue | Battering Ram |
| 23:32 | Queue | Villager (Male) |
| 23:32 | Queue | Villager (Male) |
| 24:43 | Queue | Battering Ram |
Build order — ^^JOPE^^
72 actions detected in the replay
| 0:01 | Queue | Villager (Male) |
| 0:01 | Queue | Villager (Male) |
| 0:01 | Queue | Villager (Male) |
| 0:02 | Build | House |
| 0:03 | Build | House |
| 0:27 | Queue | Villager (Male) |
| 0:27 | Queue | Villager (Male) |
| 1:47 | Queue | Villager (Male) |
| 1:48 | Queue | Villager (Male) |
| 1:54 | Queue | Villager (Male) |
| 2:14 | Queue | Villager (Male) |
| 3:03 | Queue | Villager (Male) |
| 3:03 | Queue | Villager (Male) |
| 3:35 | Queue | Villager (Male) |
| 3:59 | Queue | Villager (Male) |
| 4:01 | Queue | Villager (Male) |
| 4:06 | Build | Lumber Camp |
| 4:10 | Queue | Villager (Male) |
| 4:27 | Queue | Villager (Male) |
| 4:36 | Queue | Villager (Male) |
| 4:41 | Build | House |
| 4:54 | Research | Loom |
| 4:55 | Queue | Villager (Male) |
| 5:08 | Queue | Villager (Male) |
| 6:14 | Queue | Villager (Male) |
| 6:20 | Build | House |
| 6:31 | Queue | Villager (Male) |
| 6:51 | Build | Mill |
| 7:21 | Queue | Villager (Male) |
| 7:56 | Research | Feudal Age |
| 8:31 | Build | Mining Camp |
| 10:06 | Age | Feudal Age |
| 10:12 | Build | Market |
| 10:31 | Queue | Villager (Male) |
| 11:16 | Build | Blacksmith |
| 12:45 | Research | Castle Age |
| 12:46 | Research | Castle Age |
| 12:46 | Research | Castle Age |
| 12:53 | Build | House |
| 15:25 | Age | Castle Age |
| 15:30 | Build | Siege Workshop |
| 15:45 | Research | Town Watch |
| 15:50 | Queue | Unit 1105 |
| 16:01 | Research | Fletching |
| 16:53 | Build | Castle |
| 16:57 | Build | House |
| 17:01 | Build | Stone Wall |
| 17:03 | Build | Stone Wall |
| 17:21 | Build | House |
| 17:31 | Build | Mining Camp |
| 17:39 | Research | Town Watch |
| 18:43 | Build | Mill |
| 18:45 | Queue | Villager (Male) |
| 18:46 | Queue | Villager (Male) |
| 19:18 | Queue | Villager (Male) |
| 19:30 | Build | Outpost |
| 20:01 | Build | Outpost |
| 20:39 | Queue | Villager (Male) |
| 20:50 | Queue | Serjeant |
| 20:50 | Queue | Serjeant |
| 21:31 | Build | House |
| 21:33 | Build | House |
| 21:44 | Build | House |
| 21:46 | Build | House |
| 22:50 | Queue | Serjeant |
| 22:50 | Queue | Serjeant |
| 23:25 | Build | University |
| 23:27 | Queue | Villager (Male) |
| 23:28 | Queue | Villager (Male) |
| 24:24 | Research | Murder Holes |
| 24:48 | Queue | Serjeant |
| 24:48 | Queue | Serjeant |
Match timeline
| 10:06 | ^^JOPE^^ · age_up feudal |
| 11:47 | ^^JOPE^^ · first_market_sell 100 stone |
| 13:09 | Lord6 · first_building Barracks |
| 13:27 | Lord6 · age_up feudal |
| 15:25 | ^^JOPE^^ · age_up castle |
| 15:30 | ^^JOPE^^ · first_building Siege Workshop |
| 16:53 | ^^JOPE^^ · first_building Castle |
| 17:01 | ^^JOPE^^ · wall_segment Stone Wall x1 |
| 17:03 | ^^JOPE^^ · wall_segment Stone Wall x1 |
| 17:23 | Lord6 · age_up castle |
| 17:35 | Lord6 · first_building Siege Workshop |
| 18:24 | ^^JOPE^^ · first_market_buy 100 food |
| 24:49 | Lord6 · resign |
[ AI ANALYSIS · 1 CREDIT ]
What really happened in this match?
Wolo.gg analyzes every decision: build order, eco, micro, common mistakes by bracket. Personalized analysis on WhatsApp or Discord in 30 seconds.
Civ guide
Celts
Perfil
Jugador #4748558